 Dungeon Crawl Stone Soup version 0.25-a0-860-gf695395b5c (webtiles) character file.

Game seed: 9506057817972900214, levelgen mode: deterministic

12625 Esekla the Thaumaturge (level 11, -28/50 HPs)
             Began as a Spriggan Ice Elementalist on Apr 27, 2020.
             Was a Priest of Ashenzari.
             Annihilated by a death yak simulacrum (33 damage)
             ... in an ice cave on Apr 28, 2020.
             The game lasted 02:40:19 (14405 turns).

Esekla the Thaumaturge (Spriggan Ice Elementalist) Turns: 14405, Time: 02:40:21

Health: -28/50     AC: 12    Str:  4    XL:     11   Next: 64%
Magic:  36/37      EV: 22    Int: 21    God:    Ashenzari [***...]
Gold:   340        SH:  0    Dex: 16    Spells: 18/34 levels left

rFire    . . .     SeeInvis +   I - +5 falchion (flame)
rCold    . . .     Gourm    .   (shield restricted)
rNeg     . . .     Faith    .   a - +0 robe
rPois    +         Spirit   .   v - +2 hat
rElec    .         Reflect  .   e - +0 cloak
rCorr    .         Harm     .   (gloves unavailable)
MR       +....                  (boots unavailable)
Stlth    ++........             (no amulet)
HPRegen  0.16/turn              r - ring of poison resistance (curse)
MPRegen  0.25/turn              G - ring of magical power

@: icy armour, very quick
A: very small, unfitting armour, see invisible, herbivore, speed 3, slow
metabolism 2
a: Curse Item, Scrying, Renounce Religion


You were in an ice cave.
You worshipped Ashenzari.
Ashenzari was most pleased with you.
You were not hungry.

You visited 3 branches of the dungeon, and saw 13 of its levels.
You also visited: Ice Cave.

You collected 812 gold pieces.
You spent 472 gold pieces at shops.

Inventory:

Hand Weapons
 t - a +4 short sword of freezing
 I - a +5 falchion of flaming (weapon)
 K - a +0 long sword of electrocution
Missiles
 j - 27 poisoned darts (quivered)
Armour
 a - a +0 robe (worn)
 e - a +0 cloak (worn)
 n - a +0 buckler
 v - a +2 hat (worn)
Jewellery
 b - a +3 ring of strength
 r - a cursed ring of poison resistance (left hand)
 C - a +1 ring of evasion
 E - an uncursed ring of ice
 G - a ring of magical power (right hand)
Wands
 x - a wand of digging (4)
 A - a wand of polymorph (11)
 M - a wand of flame (13)
Scrolls
 m - 5 scrolls of teleportation
 u - a scroll of enchant armour
 z - 2 scrolls of magic mapping
 F - a scroll of immolation
Potions
 g - a potion of mutation
 i - a potion of stabbing {unknown}
 k - a potion of might
 p - 4 potions of curing
 q - a potion of lignification
 s - a potion of magic {unknown}
 w - a potion of cancellation {unknown}
 B - a potion of berserk rage {unknown}
 D - a potion of flight {unknown}
 H - a potion of invisibility {unknown}
 J - a potion of brilliance
Comestibles
 c - 27 rations


   Skills:
 + Level 2.2 Fighting
 + Level 7.1 Short Blades
 * Level 0.4(3.3) Long Blades
 + Level 4.6 Throwing
 + Level 6.6 Dodging
 - Level 3.0 Stealth
 * Level 12.0 Spellcasting
 + Level 2.2 Conjurations
 + Level 6.7 Charms
 - Level 4.0 Translocations
 + Level 4.1 Fire Magic
 + Level 4.7 Ice Magic
 + Level 5.5 Air Magic
 + Level 5.6 Poison Magic


You had 18 spell levels left.
You knew the following spells:

 Your Spells              Type           Power        Failure   Level  Hunger
a - Ozocubu's Armour      Chrm/Ice       #####...     1%          3    None
b - Blink                 Tloc           N/A          1%          2    None
c - Mephitic Cloud        Conj/Pois/Air  ####....     2%          3    None
d - Magic Dart            Conj           ###.         2%          1    None
e - Freeze                Ice            ####         1%          1    None
f - Conjure Flame         Conj/Fire      ####....     4%          3    None
r - Frozen Ramparts       Ice            ####..       2%          3    None

Your spell library contained the following spells:

 Spells                   Type           Power        Failure   Level  Hunger
 Call Imp                 Summ           ##......     8%          2    None
 Slow                     Hex            ##......     8%          2    None
 Hailstorm                Conj/Ice       ####....     12%         4    None
 Summon Ice Beast         Ice/Summ       ###.....     21%         4    None


Dungeon Overview and Level Annotations

Branches:
Dungeon (11/15)            Temple (1/1) D:4            Lair (1/6) D:10
  IceCv (1/1)
    Orc: D:9-12

Altars:
Ashenzari
Cheibriados
Dithmenos
Elyvilon
Fedhas
Gozag
Hepliaklqana
Kikubaaqudgha
Makhleb
Nemelex Xobeh
Okawaru
Qazlal
Ru
Sif Muna
Trog
Uskayaw
Vehumet
Wu Jian
Xom
Yredelemnul
Zin
The Shining One
Jiyva

Shops:
D:5 [   D:11 ?

Annotations:
D:8 3 runed translucent doors, Esekla's ghost, novice OpWr; Gastronok
D:11 1 runed translucent door, d64's ghost, journeyman DECj


Innate Abilities, Weirdness & Mutations

You are very small and have problems with some larger weapons.
You are too small for most types of armour.
You have supernaturally acute eyesight. (SInv)
You are a herbivore.
You cover ground extremely quickly.
You need to consume almost no food.


Message History

The wolf simulacrum vapourises!
Okay, then.
You hit the death yak simulacrum but do no damage.
The death yak simulacrum completely misses you.
You hit the death yak simulacrum but do no damage.
The death yak simulacrum completely misses you.
You hit the death yak simulacrum but do no damage.
The death yak simulacrum closely misses you.
You hit the death yak simulacrum.
You melt the death yak simulacrum.
The death yak simulacrum is lightly damaged.
You hit the death yak simulacrum but do no damage.
The death yak simulacrum is lightly damaged.
The death yak simulacrum gores you but does no damage.
You hit the death yak simulacrum but do no damage.
The death yak simulacrum is lightly damaged.
The death yak simulacrum gores you!
* * * LOW HITPOINT WARNING * * *
The death yak simulacrum freezes you!!
Ouch! That really hurt!
You die...

* * ≈ ≈*
#####
*##...##
≈*##..∩..##
, ≈
#......@# ≈
#...∩..Z# ≈
*##.....##
≈ ##...## *
≈*#...# ≈
##..Z* ,
≈≈≈**#..Z#
≈* ...## ≈≈
..##


You could see a death yak simulacrum.

Vanquished Creatures
  Harold (D:8)
  Erolcha (D:10)
  An ugly thing (D:11)
  A manticore (D:11)
  Maurice (D:8)
  A spiny frog (Lair:1)
  A komodo dragon (D:10)
  A troll (D:10)
  4 hippogriffs
  A shadow (D:11)
  13 yaks
  2 wyverns (D:10)
  2 basilisks (D:10)
  2 water moccasins
  A swamp drake (D:10)
  The ghost of Esekla the Ducker, an amateur FeSk of Vehumet (D:6)
  A hornet zombie (D:9)
  2 necrophages
  2 orc warriors
  3 sky beasts
  An ice beast (D:10)
  A black bear (D:7)
  3 ogres
  A phantom (D:10)
  2 centaurs
  3 big kobolds
  6 bullfrogs
  A wyvern zombie (D:10)
  3 scorpions
  15 killer bees
  A howler monkey (D:4)
  9 wights
  3 crimson imps
  4 centaur zombies
  A bullfrog zombie (D:8)
  A quasit (D:8)
  5 orc priests
  4 hounds
  3 jellies
  Crazy Yiuf (D:4)
  6 orc wizards
  2 centaur skeletons
  2 gnoll shamans
  An iguana (D:10)
  9 worker ants
  A wolf simulacrum (IceCv)
  A hound zombie (D:5)
  2 worker ant zombies
  Robin (D:4)
  8 gnolls
  13 adders
  2 shadow imps
  An adder skeleton (D:4)
  2 worms
  A dart slug (D:1)
  2 leopard geckos
  26 orcs
  2 ball pythons
  9 giant cockroaches
  17 goblins
  7 hobgoblins
  10 jackals
  14 kobolds
  5 quokkas
  5 bats
  2 frilled lizards
  A jackal zombie (D:7)
  A leopard gecko skeleton (D:4)
  A quokka skeleton (D:5)
  11 rats
275 creatures vanquished.

Vanquished Creatures (others)
  4 fungi (D:11)
  4 plants (D:11)
8 creatures vanquished.

Grand Total: 283 creatures vanquished

Notes
Turn   | Place    | Note
-------+----------+-------------------------------------------
     0 | D:1      | Esekla the Spriggan Ice Elementalist began the quest for
                  | the Orb.
     0 | D:1      | Reached XP level 1. HP: 9/9 MP: 5/5
   702 | D:3      | Learned a level 1 spell: Magic Dart
   769 | D:4      | Found a staircase to the Ecumenical Temple.
   776 | Temple   | Entered the Ecumenical Temple
   818 | Temple   | Became a worshipper of Ashenzari the Shackled
   992 | D:2      | Reached skill level 3 in Spellcasting
  1156 | D:2      | Reached XP level 2. HP: 11/13 MP: 0/7
  1364 | D:2      | Learned a level 2 spell: Blink
  1457 | D:3      | Found a blossoming altar of Fedhas.
  1924 | D:2      | Reached XP level 3. HP: 8/16 MP: 2/9
  1930 | D:2      | Learned a level 3 spell: Frozen Ramparts
  2302 | D:2      | Reached skill level 4 in Spellcasting
  2308 | D:2      | Learned a level 3 spell: Mephitic Cloud
  2509 | D:1      | Reached skill level 1 in Translocations
  2873 | D:1      | Reached XP level 4. HP: 21/21 MP: 0/11
  4138 | D:4      | Reached skill level 5 in Spellcasting
  4138 | D:4      | Reached XP level 5. HP: 11/24 MP: 2/13
  4350 | D:4      | Learned a level 3 spell: Conjure Flame
  4369 | D:4      | Reached skill level 1 in Poison Magic
  4686 | D:4      | Identified the +5 ring mail of the Arcane {rPois}
  4686 | D:4      | Noticed Robin
  4726 | D:4      | Killed Robin
  4728 | D:4      | Reached skill level 6 in Spellcasting
  4875 | D:4      | Found an opulent altar of Gozag.
  4956 | D:4      | Reached * piety under Ashenzari
  5092 | D:4      | Found a runed translucent door.
  5093 | D:4      | Noticed Crazy Yiuf
  5125 | D:4      | Killed Crazy Yiuf
  5125 | D:4      | Reached XP level 6. HP: 27/28 MP: 14/16
  5212 | D:5      | Entered Level 5 of the Dungeon
  5212 | D:5      | Noticed a sky beast
  5213 | D:5      | Found a sparkling altar of Nemelex Xobeh.
  5282 | D:5      | Killed a sky beast
  5282 | D:5      | Reached skill level 1 in Throwing
  5282 | D:5      | Reached skill level 5 in Dodging
  5397 | D:5      | Reached skill level 1 in Air Magic
  5464 | D:5      | Reached XP level 7. HP: 32/32 MP: 14/18
  5919 | D:5      | Reached skill level 7 in Spellcasting
  5945 | D:5      | Learned a level 3 spell: Ozocubu's Armour
  6164 | D:6      | Reached skill level 1 in Fire Magic
  6167 | D:6      | Reached skill level 1 in Short Blades
  6453 | D:5      | Found Diaxapte's Armour Boutique.
  6460 | D:5      | Bought a +2 hat for 192 gold pieces
  6865 | D:6      | Reached skill level 1 in Charms
  6865 | D:6      | Reached XP level 8. HP: 26/36 MP: 12/20
  6993 | D:6      | Reached skill level 1 in Conjurations
  7039 | D:6      | Found a stormy altar of Qazlal.
  7640 | D:7      | Noticed a hippogriff
  7653 | D:7      | Found a burning altar of Makhleb.
  7662 | D:6      | Reached ** piety under Ashenzari
  7923 | D:6      | Found a runed translucent door.
  7923 | D:6      | Noticed Esekla's ghost (amateur FeSk)
  7955 | D:6      | Killed Esekla's ghost
  7955 | D:6      | Reached skill level 8 in Spellcasting
  8433 | D:7      | Found a white marble altar of Elyvilon.
  8447 | D:7      | Found a stormy altar of Qazlal.
  8447 | D:7      | Found a basalt altar of Yredelemnul.
  8447 | D:7      | Found an iron altar of Okawaru.
  8762 | D:7      | Noticed a hippogriff
  8909 | D:7      | Killed a hippogriff
  8913 | D:7      | Reached XP level 9. HP: 39/40 MP: 13/22
  9057 | D:8      | Noticed a centaur warrior
  9289 | D:8      | Noticed Maurice
  9312 | D:8      | Killed Maurice
  9312 | D:8      | Reached skill level 9 in Spellcasting
  9577 | D:8      | Noticed Harold
  9714 | D:8      | Killed Harold
  9714 | D:8      | Reached skill level 5 in Charms
  9746 | D:8      | Reached skill level 10 in Spellcasting
 10040 | D:8      | Reached XP level 10. HP: 44/44 MP: 21/25
 10154 | D:8      | Found a runed translucent gate.
 10154 | D:8      | Found a runed translucent gate.
 10154 | D:8      | Found a runed translucent gate.
 10219 | D:8      | Found a viscous altar of Jiyva.
 10219 | D:8      | Noticed Esekla's ghost (novice OpWr)
 10437 | D:8      | Noticed Gastronok
 10664 | D:9      | Reached skill level 5 in Poison Magic
 11094 | D:9      | Reached skill level 1 in Fighting
 11569 | D:10     | Entered Level 10 of the Dungeon
 11569 | D:10     | Noticed Erolcha
 11805 | D:10     | Reached skill level 5 in Short Blades
 11961 | D:10     | Reached XP level 11. HP: 38/49 MP: 26/26
 12099 | D:10     | Found a staircase to the Lair.
 12198 | D:10     | Killed Erolcha
 12198 | D:10     | Reached skill level 11 in Spellcasting
 12198 | D:10     | Reached skill level 5 in Air Magic
 12411 | D:10     | Reached *** piety under Ashenzari
 13278 | D:11     | Found a runed translucent door.
 13282 | D:11     | Identified the +4 trident of the Absolute Madman {holy,
                  | Str+4}
 13285 | D:11     | Noticed d64's ghost (journeyman DECj)
 13611 | D:11     | Noticed a red ugly thing
 13633 | D:11     | Killed a red ugly thing
 13914 | D:11     | Found Gas Okysagekh's Magic Scroll Boutique.
 13922 | D:11     | Bought a scroll of brand weapon for 280 gold pieces
 14129 | Lair:1   | Entered Level 1 of the Lair of Beasts
 14239 | Lair:1   | Reached skill level 12 in Spellcasting
 14351 | Lair:1   | Found a frozen archway.
 14392 | IceCv    | Entered an ice cave
 14405 | IceCv    | Annihilated by a death yak simulacrum

Levels and vault maps discovered:
D:1:      nicolae_arrival_somewhat_less_tricky_arrival, layout_basic
D:2:      layout_basic, first_ration
D:3:      layout_loops_ring, nicolae_overflow_crystal_walls
D:4:      layout_loops_ring, nicolae_gozag_cash_rules_everything_around_me,
          minmay_temple_entry_junction, serial_bayou_lagoon_b,
          uniq_crazy_yiuf_cottage, uniq_robin
D:5:      layout_cave_pods, serial_shops, kennysheep_little_box, basic_altar
D:6:      layout_loops_corners, gammafunk_ghost_grave, grunt_qazlal_clouds
D:7:      layout_cave_pools, makhleb_heckhound_becter, minitemple
D:8:      layout_basic, gammafunk_ghost_ooze, lightli_corner_chamber,
          uniq_gastronok, uniq_harold, uniq_maurice
D:9:      layout_roguey
D:10:     layout_big_octagon, erik_lair_dragon, blue_anna_alchemist
          [blue_anna_fruit_fields, blue_anna_fruit_fields], uniq_erolcha
D:11:     layout_stronghold, serial_shops, shop, ebering_ghost_funeral_grove,
          kennysheep_decorative_pillar
Temple:   regret_index_temple_waves
Lair:1:   layout_regular_city, portal_ice_cave_demonic_guard,
          chequers_serial_rivers_large_b, grunt_megastairs_5,
          serial_bayou_shore_b, minmay_lair_oklob_chamber, serial_bayou_shore_a,
          lemuel_fruit_tree
IceCv:    ice_cave_small_necro

Skill      XL: |  1  2  3  4  5  6  7  8  9 10 11 |
---------------+----------------------------------+-----
Spellcasting   | 3 4 5 6 7 8 10 12 | 12.0
Translocations | 1 2 3 4 |  4.0
Dodging        | 4 5 6 |  6.6
Poison Magic   | 1 2 3 4 5 |  5.6
Throwing       | 1 2 3 4 |  4.6
Air Magic      | 1 2 3 4 5 |  5.5
Fire Magic     | 1 2 3 4 |  4.1
Short Blades   | 1 2 3 5 7 |  7.1
Charms         | 1 4 5 6 |  6.7
Conjurations   | 1 2 |  2.2
Ice Magic      | 4 |  4.7
Fighting       | 1 2 |  2.2
Long Blades    | |  0.4
Stealth        | |  3.0

Action                   |  1- 3 |  4- 6 |  7- 9 | 10-12 || total
-------------------------+-------+-------+-------+-------++-------
Melee: Short sword       |    26 |    50 |   141 |   313 ||   530
       Falchion          |       |       |       |    22 ||    22
Throw: Dart              |    14 |    57 |    95 |    87 ||   253
 Cast: Freeze            |    23 |     1 |       |     1 ||    25
       Magic Dart        |    24 |    11 |    19 |    46 ||   100
       Frozen Ramparts   |     9 |    26 |    25 |    33 ||    93
       Mephitic Cloud    |       |     1 |    19 |     7 ||    27
       Conjure Flame     |       |     1 |     9 |    13 ||    23
       Blink             |       |     1 |     1 |     2 ||     4
       Ozocubu's Armour  |       |       |    12 |    25 ||    37
Invok: Curse Item        |       |     1 |       |     1 ||     2
  Use: Scroll            |       |       |     4 |    12 ||    16
       Potion            |       |       |       |     6 ||     6
 Stab: Sleeping          |     2 |     1 |     5 |     5 ||    13
       Confused          |       |     1 |     6 |     4 ||    11
       Distracted        |       |       |       |     2 ||     2
  Eat: Ration            |       |     2 |     2 |     3 ||     7
Armor: Robe              |     3 |     4 |    13 |    36 ||    56
       Skin              |       |       |       |    60 ||    60
Dodge: Dodged            |    44 |    44 |    88 |   201 ||   377
       Rpst.: Falchion   |       |       |       |     6 ||     6

Table legend:
 A = Non-vault XP
 B = Vault XP
 C = Vault XP percentage of total XP
 D = Non-vault monster count
 E = Vault monster count
 F = Vault count percentage of total count
                 A         B        C        D         E       F
            +---------+---------+-------+---------+---------+-------
      Total |   13612 |    4424 |  24.5 |     249 |      26 |   9.5
            +---------+---------+-------+---------+---------+-------
        D:1 |      50 |       0 |   0.0 |      28 |       0 |   0.0
        D:2 |      65 |       0 |   0.0 |      23 |       0 |   0.0
        D:3 |      34 |       0 |   0.0 |      13 |       0 |   0.0
        D:4 |     177 |      77 |  30.3 |      12 |      13 |  52.0
        D:5 |     642 |       0 |   0.0 |      23 |       0 |   0.0
        D:6 |     844 |     133 |  13.6 |      20 |       1 |   4.8
        D:7 |    1029 |      40 |   3.7 |      13 |       1 |   7.1
        D:8 |    1831 |    1504 |  45.1 |      31 |       2 |   6.1
        D:9 |    2570 |       0 |   0.0 |      32 |       0 |   0.0
       D:10 |    3082 |    2228 |  42.0 |      30 |       7 |  18.9
       D:11 |    3041 |       0 |   0.0 |      23 |       0 |   0.0
     Lair:1 |     247 |     411 |  62.5 |       1 |       1 |  50.0
      IceCv |       0 |      31 | 100.0 |       0 |       1 | 100.0
            +---------+---------+-------+---------+---------+-------
